 Dungeon Crawl Stone Soup version 0.21-a0-94-gdd6ab6a (webtiles) character file.

7939 grindst0ne the Fighter (level 11, -6/119 HPs)
             Began as an Ogre Hunter on July 3, 2017.
             Was a Believer of Qazlal.
             Mangled by a blink frog (17 damage)
             ... on level 1 of the Lair of Beasts.
             The game lasted 00:52:58 (16688 turns).

grindst0ne the Fighter (Ogre Hunter)               Turns: 16688, Time: 00:52:59

Health: -6/119     AC:  2    Str: 18    XL:     11   Next: 23%
Magic:  12/13      EV: 19    Int: 19    God:    Qazlal [**....]
Gold:   671        SH:  2    Dex: 16    Spells: 5/10 levels left

rFire    . . .     SeeInvis .   (weapon currently unavailable)
rCold    . . .     Gourm    .   (shield currently unavailable)
rNeg     . . .     Faith    .   (armour currently unavailable)
rPois    x         Spirit   .   (helmet currently unavailable)
rElec    .         Reflect  .   (cloak currently unavailable)
rCorr    .         Harm     .   (gloves unavailable)
MR       +....     Rnd*Rage +   (boots unavailable)
Stlth    ++........             (no amulet)
HPRegen  0.29/turn              f - +6 ring of intelligence
MPRegen  0.13/turn              v - ring of stealth

@: about to teleport, spider-form
A: unfitting armour, berserk 1
a: End Transformation, Upheaval, Renounce Religion


You were on level 1 of the Lair of Beasts.
You worshipped Qazlal.
Qazlal was pleased with you.
You were not hungry.
You were a venomous arachnid creature.
You visited 3 branches of the dungeon, and saw 11 of its levels.

You collected 671 gold pieces.

Inventory:

Hand Weapons
 a - a +2 flail of protection (melded)
 e - a +0 giant spiked club
 w - a +0 whip of flaming
 B - a +1 hand axe of venom
Missiles
 h - a throwing net
 o - 59 poisoned needles
 p - 3 curare-tipped needles
 r - 222 stones (quivered)
 K - 2 poisoned tomahawks
Armour
 b - a +0 robe (melded)
 k - a +0 cloak (melded)
Jewellery
 f - a +6 ring of intelligence (left front leg)
 v - a ring of stealth (right front leg)
 E - an uncursed ring of flight
Wands
 u - a wand of enslavement (0/24)
 y - a wand of random effects (12/48)
 G - a wand of digging (4/24)
Scrolls
 i - 3 scrolls of immolation
 l - 2 scrolls of enchant armour
 n - 9 scrolls of remove curse
 s - 2 scrolls of amnesia
 F - a scroll of recharging
 I - 4 scrolls of fear {unknown}
 M - a scroll of fog
Potions
 c - a potion of cancellation
 m - 5 potions of curing
 q - a potion of brilliance
 t - 2 potions of berserk rage
 z - 2 potions of agility
 A - 3 potions of flight
 D - 3 potions of mutation
Books
 H - a book of Changes

   Spells                             Type                      Level
   a - Beastly Appendage              Transmutation                1
   b - Sticks to Snakes               Transmutation                2
   c - Spider Form                    Transmutation/Poison         3
   d - Ice Form                       Ice/Transmutation            4
   e - Blade Hands                    Transmutation                5
 J - a book of Misfortune

   Spells                             Type                      Level
   a - Confusing Touch                Hexes                        1
   b - Confuse                        Hexes                        3
   c - Gell's Gravitas                Translocation                3
   d - Petrify                        Transmutation/Earth          4
   e - Metabolic Englaciation         Hexes/Ice                    5
   f - Yara's Violent Unravelling     Hexes/Transmutation          5
Comestibles
 d - an inedible chunk of flesh
 g - 2 meat rations
 j - 7 fruits


   Skills:
 - Level 10.4 Fighting
 + Level 5.6 Maces & Flails
 - Level 9.0 Throwing
 - Level 1.7 Dodging
 - Level 0.6 Stealth
 * Level 10.0 Transmutations
 - Level 2.7 Invocations


You had 5 spell levels left.
You knew the following spells:

 Your Spells              Type           Power        Failure   Level  Hunger
a - Sticks to Snakes      Tmut           #####...     3%          2    ###....
b - Spider Form           Tmut/Pois      ###.......   21%         3    ####...


Dungeon Overview and Level Annotations

Branches:
Dungeon (9/15)             Temple (1/1) D:6            Lair (1/6) D:8
    Orc: D:9-12

Altars:
Ashenzari
Cheibriados
Dithmenos
Elyvilon
Fedhas
Gozag
Hepliaklqana
Kikubaaqudgha
Makhleb
Nemelex Xobeh
Okawaru
Qazlal
Ru
Sif Muna
Trog
Uskayaw
Vehumet
Wu Jian
Xom
Yredelemnul
Zin
The Shining One

Shops:
D:7 :   D:8 *


Innate Abilities, Weirdness & Mutations

You are too large for most types of armour.
((You have tough skin. (AC +1)))
((You have large cloven feet.))
You tend to lose your temper in combat.
((Your system is resistant to poisons. (rPois)))
((Your movements are slightly less encumbered by armour. (ER -2)))


Message History

The blink frog completely misses you.
The blink frog blinks!
The blink frog blinks!
The blink frog hits you! The blink frog misses you.
You hit the blink frog.
The blink frog looks as sick as possible!
The blink frog is heavily wounded.
The blink frog hits you but does no damage.
The blink frog blinks!
The blink frog misses you.
You closely miss the blink frog.
The blink frog is severely wounded.
You block the blink frog's attack. The blink frog hits you!
* * * LOW HITPOINT WARNING * * *
Okay, then.
As you read the scroll of teleportation, it crumbles to dust.
You feel strangely unstable. The blink frog hits you!
* * * LOW HITPOINT WARNING * * *
The blink frog blinks! x2; The blink frog misses you.
The blink frog blinks!
The blink frog hits you!
You die...

#..........###
#...........P#
............##
#...........#
#...........#
#...........#
##..........#
##.....F..##
###..sF..#
##.§.§.#
####..## #..§#
/...... ##..#
....... #...#
..F....
###...##
.......
#......#
...§...
###.....##


You could see 2 blink frogs.

Vanquished Creatures
  2 two-headed ogres
  Pikel (D:5)
  A wolf spider (D:9)
  2 hippogriffs
  3 wyverns
  9 yaks
  A hungry ghost (D:7)
  4 water moccasins
  An orc warrior (D:6)
  2 phantoms
  3 ice beasts
  2 sky beasts
  An ogre (D:6)
  2 big kobolds
  4 bullfrogs
  A gnoll sergeant (D:8)
  Dowan (D:5)
  2 scorpions
  5 killer bees (D:6)
  4 wights (D:6)
  4 howler monkeys
  3 crimson imps
  2 centaur zombies (D:6)
  A jelly (D:9)
  The ghost of sagitran the Gusty, a weakling TeAE (D:3)
  4 hounds
  3 orc wizards
  2 centaur skeletons
  3 iguanas
  10 worker ants
  A hound zombie (D:5)
  A hound skeleton (D:9)
  A howler monkey zombie (D:9)
  10 gnolls
  8 adders
  2 shadow imps
  An ooze (D:2)
  2 adder zombies
  An adder skeleton (D:8)
  A worm (D:3)
  A dart slug (D:1)
  6 leopard geckos
  16 orcs
  A ball python (D:2)
  4 giant cockroaches
  5 goblins
  7 hobgoblins
  5 jackals
  13 kobolds
  3 quokkas
  6 bats
  5 frilled lizards
  A leopard gecko skeleton (D:4)
  7 rats
  A plant (D:6)
193 creatures vanquished.

Vanquished Creatures (collateral kills)
  A yak (D:5)
  An ogre (D:6)
  A gnoll sergeant (D:6)
  A scorpion (D:8)
  A gnoll (D:8)
  An adder zombie (D:7)
  A leopard gecko (D:8)
  2 orcs
9 creatures vanquished.

Vanquished Creatures (others)
  Duvessa (D:5)
  3 slaves (D:5)
  A centaur (D:5)
  A gnoll (D:7)
  3 jackals (D:5)
  3 fungi (Lair:1)
  2 plants
14 creatures vanquished.

Grand Total: 216 creatures vanquished

Notes
Turn   | Place    | Note
-------+----------+-------------------------------------------
     0 | D:1      | grindst0ne the Ogre Hunter began the quest for the Orb.
     0 | D:1      | Reached XP level 1. HP: 22/22 MP: 1/1
   188 | D:1      | Reached XP level 2. HP: 28/31 MP: 2/2
   847 | D:1      | Reached XP level 3. HP: 39/39 MP: 3/3
  1835 | D:2      | Reached XP level 4. HP: 43/49 MP: 4/4
  2651 | D:3      | You fall through a shaft for 2 floors!
  2651 | D:5      | Entered Level 5 of the Dungeon
  2723 | D:5      | Reached skill level 5 in Throwing
  2845 | D:5      | Noticed Pikel
  2845 | D:5      | Noticed a slave
  2845 | D:5      | Noticed a slave
  2845 | D:5      | Noticed a slave
  2845 | D:5      | Noticed a slave
  2866 | D:5      | Reached skill level 5 in Fighting
  2879 | D:5      | Reached XP level 5. HP: 46/57 MP: 5/5
  2887 | D:5      | Killed Pikel
  2887 | D:5      | Reached XP level 6. HP: 20/71 MP: 6/6
  2887 | D:5      | Reached XP level 7. HP: 22/78 MP: 7/7
  3506 | D:5      | Noticed Dowan
  3509 | D:5      | Noticed Duvessa
  3852 | D:3      | Noticed sagitran's ghost (weakling TeAE)
  3854 | D:3      | Killed sagitran's ghost
  4902 | D:4      | Reached XP level 8. HP: 40/91 MP: 8/8
  5184 | D:4      | Learned a level 2 spell: Sticks to Snakes
  5870 | D:4      | You fall through a shaft!
  5938 | D:5      | Reached skill level 1 in Transmutations
  6013 | D:5      | Killed Duvessa
  6022 | D:5      | Killed Dowan
  6472 | D:6      | Noticed a yak
  6473 | D:6      | Noticed a yak
  6474 | D:6      | Noticed a yak
  6497 | D:5      | Killed a yak
  6616 | D:5      | Killed a yak
  6894 | D:6      | Noticed a yak
  6895 | D:6      | Noticed a yak
  6917 | D:5      | Killed a yak
  6917 | D:5      | Reached XP level 9. HP: 20/101 MP: 2/9
  7335 | D:5      | Learned a level 3 spell: Spider Form
  7350 | D:5      | Reached skill level 10 in Fighting
  8406 | D:6      | Found a staircase to the Ecumenical Temple.
  8411 | Temple   | Entered the Ecumenical Temple
  8621 | Temple   | Became a worshipper of Qazlal Stormbringer
  9032 | D:7      | Reached skill level 5 in Transmutations
  9032 | D:7      | Reached skill level 1 in Invocations
  9630 | D:6      | HP: 3/102 [gnoll sergeant/spear of venom (5)]
  9631 | D:6      | HP: 1/102 [poisoned by a gnoll sergeant]
 10012 | D:6      | Learned a level 1 spell: Confusing Touch
 10360 | D:6      | Gained mutation: You tend to lose your temper in combat. [potion of mutation]
 10360 | D:6      | Gained mutation: Your system is resistant to poisons. (rPois) [potion of mutation]
 10360 | D:6      | Gained mutation: Your movements are slightly less encumbered by armour. (ER -2) [potion of mutation]
 10360 | D:6      | Gained mutation: You have large cloven feet. [potion of mutation]
 11207 | D:6      | Reached skill level 1 in Maces & Flails
 11602 | D:6      | Reached * piety under Qazlal
 12235 | D:6      | Reached XP level 10. HP: 81/111 MP: 1/12
 13209 | D:7      | Found Edem's Book Emporium.
 13614 | D:8      | Found Xedorous's Assorted Antiques.
 13829 | D:8      | Noticed a two-headed ogre
 13851 | D:8      | Killed a two-headed ogre
 14047 | D:8      | Found a staircase to the Lair.
 14930 | D:8      | Found a burning altar of Makhleb.
 15019 | D:8      | Reached ** piety under Qazlal
 15490 | D:9      | Noticed a two-headed ogre
 15492 | D:9      | Killed a two-headed ogre
 15708 | D:9      | Reached skill level 5 in Maces & Flails
 15708 | D:9      | Reached XP level 11. HP: 36/119 MP: 10/13
 16010 | D:9      | Noticed a wolf spider
 16013 | D:9      | Noticed a frost giant
 16019 | D:9      | Killed a wolf spider
 16342 | Lair:1   | Entered Level 1 of the Lair of Beasts
 16428 | Lair:1   | Reached skill level 10 in Transmutations
 16688 | Lair:1   | Mangled by a blink frog

Vault maps used:
D:1:      nicolae_arrival_memento_mori
D:2:      first_bread
D:5:      kennysheep_six_static_rooms, minmay_misc_feat_five, uniq_duvessa,
          uniq_pikel
D:6:      temple_doors_cd, serial_bayou_ford_a, serial_bayou_crossing
D:7:      serial_shops, kennysheep_mini_moat, nrook_loot_triangle
D:8:      lemuel_upstairs_altar, makhleb_grotto_becter, lair_entry_dummy,
          serial_shops, nicolae_shop_stone
D:9:      minmay_shrinking_squares, hiddenorc1_lemuel
Temple:   compressed_dpeg_triangle_lava_temple
Lair:1:   grunt_megastairs_2

Skill      XL: |  1  2  3  4  5  6  7  8  9 10 11 |
---------------+----------------------------------+-----
Fighting       | 3 4 5 7 8 9 10 | 10.4
Throwing       | 5 6 7 8 9 |  9.0
Transmutations | 3 6 9 10 | 10.0
Invocations    | 2 |  2.7
Maces & Flails | 2 5 |  5.6
Dodging        | |  1.7
Stealth        | |  0.6

Action                   |  1- 3 |  4- 6 |  7- 9 | 10-12 || total
-------------------------+-------+-------+-------+-------++-------
Melee: Short sword       |    86 |    56 |     2 |       ||   144
       Whip              |       |       |   193 |       ||   193
       Flail             |       |       |    60 |   153 ||   213
       Hand axe          |       |       |    59 |       ||    59
       Unarmed           |       |       |    45 |   105 ||   150
       Kick              |       |       |     9 |    40 ||    49
Throw: Large rock        |    11 |    13 |    54 |    17 ||    95
       Throwing net      |       |     1 |     3 |       ||     4
       Stone             |       |     1 |    61 |    10 ||    72
       Tomahawk          |       |       |       |     4 ||     4
 Cast: Sticks to Snakes  |       |       |    47 |    19 ||    66
       Spider Form       |       |       |     7 |    15 ||    22
       Confusing Touch   |       |       |     2 |       ||     2
Evoke: Wand              |       |       |    14 |       ||    14
  Use: Scroll            |       |    11 |     9 |     7 ||    27
       Potion            |       |     5 |     8 |     3 ||    16
 Stab: Sleeping          |     1 |       |       |       ||     1
       Held in net/web   |       |       |     2 |       ||     2
       Invisible         |       |       |     1 |       ||     1
       Distracted        |       |       |       |     1 ||     1
  Eat: Chunk             |     3 |     2 |    21 |     8 ||    34
       Bread ration      |       |       |     4 |     2 ||     6
       Meat ration       |       |       |     1 |     1 ||     2
Armor: Robe              |    23 |    26 |    96 |    60 ||   205
       Skin              |       |       |     2 |    10 ||    12
Dodge: Dodged            |    53 |    45 |   299 |   223 ||   620
Block: Other             |       |       |     1 |    30 ||    31
